 Dungeon Crawl Stone Soup version 0.29.1-1-gd02db6906a (webtiles) character file.

Game seed: 2825520918209129321

16 Doomgape the Firebug (level 2, -1/15 HPs)
             Began as a Tengu Fire Elementalist on Sept 18, 2022.
             Slain by an adder (2 damage)
             ... on level 2 of the Dungeon.
             The game lasted 00:02:06 (1158 turns).

Doomgape the Firebug (Tengu Fire Elementalist)      Turns: 1158, Time: 00:02:07

Health: -1/15      AC:  2    Str:  8    XL:     2   Next: 54%
Magic:  0/6        EV: 12    Int: 15    God:
Gold:   16         SH:  0    Dex: 14    Spells: 4/5 levels left

rFire   . . .      SeeInvis .   (no weapon)
rCold   . . .      Faith    .   (no shield)
rNeg    . . .      Spirit   .   a - +0 robe
rPois   .          Reflect  .   (helmet restricted)
rElec   .          Harm     .   (no cloak)
rCorr   .          Rampage  .   (no gloves)
Will    .....                   (boots unavailable)
Stlth   ++........              (no amulet)
HPRegen 0.05/turn               (no ring)
MPRegen 0.10/turn               (no ring)

@: no status effects
A: beak, talons 3
a: no special abilities


You were on level 2 of the Dungeon.
You visited 1 branch of the dungeon, and saw 2 of its levels.

You collected 16 gold pieces.

Inventory:

Armour
 a - a +0 robe (worn)
Scrolls
 c - a scroll of poison {unknown}
 e - 2 scrolls of fear {unknown}
 f - a scroll of summoning {unknown}
Potions
 b - a potion of magic
 d - 2 potions of curing {unknown}


   Skills:
 - Level 2.1 Dodging
 - Level 2.0 Stealth
 + Level 2.3 Spellcasting
 + Level 2.2 Conjurations
 + Level 3.6 Fire Magic


You had 4 spell levels left.
You knew the following spells:

 Your Spells              Type           Power      Damage    Failure   Level
a - Foxfire               Conj/Fire      40%        2x1d6     6%          1

Your spell library contained the following spells:

 Spells                   Type           Power      Damage    Failure   Level
 Scorch                   Fire           24%        2d6       8%          2
 Conjure Flame            Conj/Fire      10%        6-21      19%         3
 Inner Flame              Hex/Fire       7%         N/A       30%         3
 Flame Wave               Conj/Fire      10%        2d6       54%         4


Dungeon Overview and Level Annotations

Branches:
Dungeon (2/15)

Altars:


Innate Abilities, Weirdness & Mutations

You have a beak for a mouth.
You have claws for feet.


Message History

The foxfire hits the adder.
The adder is heavily wounded.
Casting: Foxfire (safe; 6% risk of failure)
Confirm with . or Enter, or press ? or * to list all spells.
You conjure some foxfire!
The adder bites you.
Your foxfire dissipates!
The foxfire hits the adder.
The adder is severely wounded.
Casting: Foxfire (safe; 6% risk of failure)
Confirm with . or Enter, or press ? or * to list all spells.
You conjure some foxfire!
The adder bites you. The adder misses you.
Your foxfire dissipates!
The foxfire hits the adder.
The adder is severely wounded.
The adder bites you but does no damage.
Found a gold piece.
Found a gold piece.
Found a faded altar of an unknown god.
The adder bites you.
* * * LOW HITPOINT WARNING * * *
Found an escape hatch in the floor.
The adder attacks as you move away! The adder barely misses you.
A dart slug comes into view.
Casting: Foxfire (safe; 6% risk of failure)
Confirm with . or Enter, or press ? or * to list all spells.
You miscast Foxfire.
You are very lightly contaminated with residual magic.
Nothing appears to happen.
The adder bites you but does no damage. The adder bites you but does no damage.
Unknown command.
The adder closely misses you. The adder attacks as you move away!
The adder barely misses you.
Found a stone staircase leading down.
The adder attacks as you move away! The adder bites you.
* * * LOW HITPOINT WARNING * * *
The adder bites you.
* * * LOW HITPOINT WARNING * * *
The adder attacks as you move away! The adder misses you.
Your magical contamination has completely faded away.
The adder attacks as you move away! The adder bites you.
You die...

#####
#######...##########
.......@S.....w....#
...>).#...##..>..#.#
#####†######.###.....
....# #.# ....
#..######.#.#.....
#..##..........~~
#.w............$_
#†###.#####....~~
##.###..<....#....


You could see an adder and a dart slug.

Vanquished Creatures
  2 dart slugs
  2 ball pythons (D:1)
  A bat (D:2)
  A hobgoblin (D:1)
  2 kobolds
  4 rats (D:1)
12 creatures vanquished.

Vanquished Creatures (others)
  46 foxfires
46 creatures vanquished.

Grand Total: 58 creatures vanquished

Notes
Turn   | Place    | Note
-------+----------+-------------------------------------------
     0 | D:1      | Doomgape the Tengu Fire Elementalist began the quest for
                  | the Orb.
     0 | D:1      | Reached XP level 1. HP: 10/10 MP: 4/4
   529 | D:1      | Reached XP level 2. HP: 15/15 MP: 3/6
  1147 | D:2      | Found a faded altar of an unknown god.
  1158 | D:2      | Slain by an adder

Illustrated notes

Levels and vault maps discovered:
D:1:      nzn_arrival_depleted_hourglass, layout_basic
D:2:      layout_loops_ring, hellmonk_ecumenical_altar_pennies_from_heaven

Skill      XL: |  1  2 |
---------------+-------+-----
Conjurations   | 2 |  2.2
Dodging        | |  2.1
Stealth        | |  2.0
Spellcasting   | |  2.3
Fire Magic     | |  3.6

Action                   || total
-------------------------++-------
 Cast: Foxfire           ||    34
Armor: Robe              ||     3
Dodge: Dodged            ||     5
